 Dungeon Crawl Stone Soup version 0.24-a0-693-g39a19ac0f1 (webtiles) character file.

Game seed: 11526222010239183440, levelgen mode: deterministic

7529 MalarOregon the Zephyrmancer (level 10, -11/75 HPs)
             Began as a Red Draconian Air Elementalist on Sept 28, 2019.
             Was a Believer of Hepliaklqana.
             Mangled by a troll (13 damage)
             ... on level 10 of the Dungeon.
             The game lasted 00:27:01 (12697 turns).

MalarOregon the Zephyrmancer (DrAE)                Turns: 12697, Time: 00:27:02

Health: -11/75     AC:  9    Str: 17    XL:     10   Next: 96%
Magic:  1/22       EV: 15    Int: 18    God:    Hepliaklqana [**....]
Gold:   425        SH:  0    Dex: 14    Spells: 11/26 levels left

rFire    + . .     SeeInvis +   n - +1 spear (venom)
rCold    . . .     Gourm    .   (no shield)
rNeg     . . .     Faith    .   (armour unavailable)
rPois    .         Spirit   .   (helmet restricted)
rElec    .         Reflect  .   (no cloak)
rCorr    .         Harm     .   j - +1 pair of gloves {Dex+3}
MR       .....                  (no boots)
Stlth    ++........             i - amulet of the acrobat
HPRegen  0.22/turn              z - ring of see invisible
MPRegen  0.18/turn              H - +5 ring of strength

@: no status effects
A: breathe fire, unfitting armour, reduced essence, fire resistance 1,
cold-blooded, AC +7
a: Breathe Fire, Recall Ancestor, Ancestor Identity, Renounce Religion


You were on level 10 of the Dungeon.
You worshipped Hepliaklqana.
Hepliaklqana was pleased with you.
You were not hungry.

You visited 2 branches of the dungeon, and saw 12 of its levels.
You also visited: Bailey.

You collected 587 gold pieces.
You spent 162 gold pieces at shops.

Inventory:

Hand Weapons
 m - a +1 mace of holy wrath
   (You took it off an orc on level 4 of the Dungeon)
 n - a +1 spear of venom (weapon)
   (You took it off a hobgoblin on level 3 of the Dungeon)
 w - a +1 whip of flaming
   (You took it off Pikel on level 6 of the Dungeon)
Armour
 j - a +1 pair of gloves of dexterity (worn)
   (You found it in a bailey)
Jewellery
 f - an uncursed ring of ice
   (You found it on level 1 of the Dungeon)
 i - an amulet of the acrobat (around neck)
   (You found it in a bailey)
 z - a ring of see invisible (left hand)
   (You found it on level 1 of the Dungeon)
 H - a +5 ring of strength (right hand)
   (You took it off a centaur on level 10 of the Dungeon)
Wands
 d - a wand of iceblast (10)
   (You found it on level 9 of the Dungeon)
 u - a wand of paralysis (12)
   (You found it on level 8 of the Dungeon)
 v - a wand of digging (5)
   (You found it on level 6 of the Dungeon)
 x - a wand of acid (11)
   (You found it on level 8 of the Dungeon)
 y - a wand of enslavement (8)
   (You found it on level 8 of the Dungeon)
Scrolls
 b - 2 scrolls of amnesia
 c - 2 scrolls of enchant weapon
 h - 4 scrolls of teleportation {@r4}
 l - 2 scrolls of blinking
 o - 6 scrolls of identify {@r1}
 p - 2 scrolls of remove curse {@r2}
 F - 2 scrolls of immolation {!r}
Potions
 a - 2 potions of agility {unknown}
 g - 3 potions of heal wounds {unknown}
 k - a potion of ambrosia {unknown}
 r - 3 potions of flight
 s - 2 potions of brilliance {unknown}
 t - a potion of might
 A - a potion of lignification {unknown}
 B - a potion of degeneration {unknown}
 C - 2 potions of magic
 D - a potion of mutation {unknown}
 E - 6 potions of curing {@q1}
Comestibles
 e - 11 rations {!d}
 q - 2 chunks of flesh


   Skills:
 + Level 6.9 Fighting
 + Level 6.0 Dodging
 - Level 1.7 Stealth
 * Level 8.7 Spellcasting
 + Level 6.3 Conjurations
 * Level 9.5 Air Magic


You had 11 spell levels left.
You knew the following spells:

 Your Spells              Type           Power        Failure   Level  Hunger
a - Shock                 Conj/Air       ####         1%          1    None
b - Airstrike             Air            #####.....   1%          4    ###....
c - Lightning Bolt        Conj/Air       #####.....   10%         5    #####..
d - Static Discharge      Conj/Air       #####...     1%          3    None
s - Swiftness             Chrm/Air       ####....     1%          2    None

Your spell library contained the following spells:

 Spells                   Type           Power        Failure   Level  Hunger
 Animate Skeleton         Necr           N/A          9%          1    None
 Apportation              Tloc           #.....       9%          1    None
 Confusing Touch          Hex            #.....       9%          1    None
 Summon Small Mammal      Summ           #...         9%          1    None


Dungeon Overview and Level Annotations

Branches:
Dungeon (11/15)            Temple (1/1) D:7            Lair (0/6) D:10
 Bailey (visited)
    Orc: D:9-12

Altars:
Ashenzari
Cheibriados
Dithmenos
Elyvilon
Fedhas
Gozag
Hepliaklqana
Kikubaaqudgha
Makhleb
Nemelex Xobeh
Okawaru
Qazlal
Ru
Sif Muna
Trog
Uskayaw
Wu Jian
Xom
Yredelemnul
Zin
The Shining One

Shops:
D:4 *   D:10 :

Annotations:
D:11 Snorg


Innate Abilities, Weirdness & Mutations

You can breathe blasts of fire.
Your fiery red scales are hard. (AC +7)
You cannot fit into any form of body armour.
Your flesh is heat resistant. (rF+)
You are cold-blooded and may be slowed by cold attacks.
Your life essence is reduced to manifest your ancestor. (-10% HP)


Message History

Numeria is destroyed!
You don't have enough magic to cast that spell.
Things that are here:
a +0 whip; a gnoll corpse The hornet completely misses you.
You miss the hornet. The hornet barely misses you.
You hit the hornet.
You tail-slap the hornet, but do no damage.
The hornet closely misses you. The hornet misses you.
You hit the hornet but do no damage.
The hornet is poisoned.
You tail-slap the hornet. The hornet completely misses you.
The hornet stings you!
* * * LOW HITPOINT WARNING * * *
You feel yourself slow down.
Unknown command.
Aim: a hornet (moderately wounded, poisoned)
The air twists around and violently strikes the hornet!
The hornet stings you!
* * * LOW HITPOINT WARNING * * *
You are poisoned.
You feel as though you will be slow longer.
The hornet misses you.
Unknown command.
Okay, then.
Unknown command.
Okay, then.
It was a potion of curing.
You feel better. The hornet closely misses you. The hornet barely misses you.
You hit the hornet but do no damage.
You kill the hornet!
Unknown command.
You start resting.
You feel yourself speed up.
A troll comes into view.
A troll is nearby!
The zap hits the troll.
The troll shouts!
The zap hits the troll.
The zap misses the troll.
The zap hits the troll!
The troll barely misses you. The troll misses you.
The troll closely misses you.
The zap misses the troll.
The zap hits the troll!
The troll closely misses you. The troll claws you!
* * * LOW HITPOINT WARNING * * *
The troll misses you.
The zap hits the troll!
The zap misses the troll.
The troll bites you!
* * * LOW HITPOINT WARNING * * *
The troll claws you!
* * * LOW HITPOINT WARNING * * *
The troll claws you!
You die...

#.#.######..).......#.
#.#.# #.#......###. #.#.#
#.####>......
######.#.######.# #.#.[.##
#.........).(...# #.#.#...
#.####.#.###########.#.#..#
#.............#.#.#..#
##.#.###########.#.#.#...
#..)))†.@T..# #...#.#.#.
##.#.######.# #####.....
#..#)# #. ..# ##.### .. ##


You could see a troll.

Vanquished Creatures
  Nergalle (D:10)
  Pikel (D:6)
  A manticore (D:8)
  A troll (D:8)
  A hornet (D:10)
  3 hippogriffs
  A wyvern (D:10)
  A water moccasin (D:10)
  8 orc warriors
  4 sky beasts
  2 slaves (D:6)
  3 necrophages
  An ice beast (D:6)
  3 centaurs
  A big kobold (D:8)
  4 bullfrogs
  A gnoll sergeant (D:9)
  6 killer bees (D:10)
  3 scorpions
  3 howler monkeys
  2 bullfrog zombies
  4 crimson imps
  5 hounds
  9 orc wizards
  4 orc priests
  A centaur skeleton (D:7)
  3 jellies
  An iguana (D:3)
  Ijyb (D:5)
  Natasha (thrice) (D:2)
  7 worker ants
  A hound zombie (D:6)
  2 hound skeletons
  18 gnolls
  11 adders
  A howler monkey skeleton (D:6)
  A shadow imp (D:6)
  An adder zombie (D:8)
  6 dart slugs
  3 leopard geckos
  31 orcs
  7 giant cockroaches
  9 goblins
  6 hobgoblins
  3 jackals (D:4)
  2 quokkas
  2 ball pythons
  6 bats
  8 frilled lizards
  A jackal skeleton (D:8)
  A jackal zombie (D:8)
  11 kobolds
  A leopard gecko skeleton (D:4)
  7 rats (D:1)
228 creatures vanquished.

Vanquished Creatures (collateral kills)
  An ugly thing (D:10)
  2 necrophages (D:8)
  A gnoll sergeant (D:10)
  A bullfrog (D:10)
  A howler monkey (D:8)
  2 jellies
  An iguana (D:8)
  A worker ant (D:8)
  3 gnolls
  3 adders
  A leopard gecko (D:8)
  An orc (Bailey)
  A kobold (D:9)
19 creatures vanquished.

Vanquished Creatures (others)
  A slave (D:6)
  A battlemage (D:10)
  5 ancestors
  A bush (D:8)
  11 plants (D:8)
19 creatures vanquished.

Grand Total: 266 creatures vanquished

Notes
Turn   | Place    | Note
-------+----------+-------------------------------------------
     0 | D:1      | MalarOregon the Draconian Air Elementalist began the quest
                  | for the Orb.
     0 | D:1      | Reached XP level 1. HP: 14/14 MP: 3/3
   448 | D:1      | Reached XP level 2. HP: 15/22 MP: 0/5
  1318 | D:2      | Reached XP level 3. HP: 27/27 MP: 2/6
  1346 | D:2      | Reached skill level 1 in Fighting
  1771 | D:2      | Learned a level 2 spell: Swiftness
  1775 | D:2      | Learned a level 3 spell: Static Discharge
  1806 | D:2      | Reached XP level 4. HP: 35/35 MP: 4/8
  2288 | D:2      | Noticed Natasha
  2296 | D:2      | Killed Natasha
  2748 | D:2      | Noticed Natasha
  2754 | D:2      | Killed Natasha
  2754 | D:2      | Reached XP level 5. HP: 33/41 MP: 3/9
  2896 | D:2      | Noticed Natasha
  2901 | D:2      | Killed Natasha
  2901 | D:2      | Reached skill level 4 in Air Magic
  3475 | D:3      | Reached XP level 6. HP: 48/48 MP: 1/11
  4715 | D:4      | Found Vaene's General Store.
  4718 | D:4      | Bought a scroll of teleportation for 39 gold pieces
  4718 | D:4      | Bought a scroll of remove curse for 39 gold pieces
  4718 | D:4      | Bought a scroll of amnesia for 45 gold pieces
  4738 | D:4      | Bought a potion of flight for 39 gold pieces
  4881 | D:4      | Found a shimmering blue altar of Sif Muna.
  4881 | D:4      | Found an iron altar of Okawaru.
  4989 | D:4      | Found a shattered altar of Ashenzari.
  5114 | D:4      | Your scales start taking on a fiery red colour.
  5114 | D:4      | Reached XP level 7. HP: 45/56 MP: 8/13
  5114 | D:4      | Gained mutation: Your flesh is heat resistant. (rF+) [Red
                  | Draconian growth]
  5299 | D:4      | Reached skill level 5 in Air Magic
  5399 | D:4      | Found a bloodstained altar of Trog.
  5908 | D:5      | Entered Level 5 of the Dungeon
  6078 | D:5      | Found a shimmering altar of Xom.
  6078 | D:5      | Noticed Ijyb
  6095 | D:5      | Killed Ijyb
  6289 | D:5      | Learned a level 4 spell: Airstrike
  6295 | D:5      | Learned a level 5 spell: Lightning Bolt
  6297 | D:5      | Reached skill level 5 in Spellcasting
  6693 | D:6      | Reached XP level 8. HP: 46/63 MP: 10/15
  6699 | D:6      | Found a white marble altar of Elyvilon.
  6892 | D:6      | Noticed Pikel
  6917 | D:6      | Killed Pikel
  6917 | D:6      | Reached skill level 6 in Air Magic
  7276 | D:6      | Reached XP level 9. HP: 72/72 MP: 13/18
  7562 | D:6      | Found a burning altar of Makhleb.
  7748 | D:7      | Reached skill level 7 in Air Magic
  7871 | D:7      | Found a glowing golden altar of the Shining One.
  8056 | D:7      | Reached skill level 5 in Fighting
  8174 | D:7      | Found a stormy altar of Qazlal.
  8712 | D:7      | Found a staircase to the Ecumenical Temple.
  8742 | D:7      | Reached skill level 5 in Conjurations
  8766 | Temple   | Entered the Ecumenical Temple
  8988 | Temple   | Became a worshipper of Hepliaklqana the Forgotten
  9455 | D:8      | Found a flagged portal.
  9469 | Bailey   | Entered a bailey
  9843 | Bailey   | Reached skill level 5 in Dodging
  9853 | Bailey   | Reached skill level 8 in Air Magic
 10096 | D:8      | Reached * piety under Hepliaklqana
 10108 | D:8      | Noticed a troll
 10120 | D:8      | Killed a troll
 10244 | D:8      | Reached XP level 10. HP: 74/74 MP: 15/21
 10554 | D:8      | Noticed a manticore
 10564 | D:8      | Killed a manticore
 11013 | D:8      | Found a blossoming altar of Fedhas.
 11511 | D:9      | You fall into a shaft and drop 2 floors!
 11512 | D:11     | Noticed Snorg
 11514 | D:11     | Noticed a two-headed ogre
 11526 | D:10     | Entered Level 10 of the Dungeon
 11951 | D:10     | Found Nimyxonn's Book Boutique.
 11979 | D:10     | Reached ** piety under Hepliaklqana
 11980 | D:10     | Remembered your ancestor Numeria as a battlemage
 12007 | D:10     | Reached skill level 9 in Air Magic
 12190 | D:10     | Found a staircase to the Lair.
 12220 | D:10     | Noticed a purple ugly thing
 12283 | D:10     | Killed a purple ugly thing
 12301 | D:10     | Found a hazy altar of Hepliaklqana.
 12414 | D:10     | Noticed Nergalle
 12424 | D:10     | Killed Nergalle
 12697 | D:10     | HP: 2/75 [troll (11)]
 12697 | D:10     | Mangled by a troll

Levels and vault maps discovered:
D:1:      moated_graveyard_arrival, layout_rooms
D:2:      layout_rooms, uniq_natasha
D:3:      layout_loops_ring, saegor_snake_ambush
D:4:      layout_loops_corners, nicolae_ashenzari_panopticon,
          chequers_temple_overflow_statue_of_worship, lemuel_round_altar,
          serial_shops, shop
D:5:      layout_rooms, xom_butterflies, first_ration, uniq_ijyb
D:6:      minmay_chambers_of_fours, layout_loops_ring, elyvilon_altar_5,
          makhleb_heckhound_becter, uniq_pikel
D:7:      layout_basic, grunt_qazlal_clouds, nicolae_tso_carved_into_rock,
          minmay_temple_entry_glassed_door
D:8:      layout_cave_pods, fedhas_altar_decomposition, enter_bailey_1
D:9:      layout_basic, kennysheep_little_box, serial_bayou,
          serial_bayou_shore_b, serial_bayou_lake_a, serial_bayou_pond_c,
          serial_bayou_pond_a, serial_bayou_shore_b, serial_bayou_pond_e,
          hangedman_little_slice_of_home
D:10:     layout_basic, lair_entry_dummy, serial_shops, nicolae_shop_crystal,
          basic_altar, uniq_nergalle
D:11:     layout_cave_pools, uniq_snorg, uniq_harold
Temple:   minmay_temple_curvy_loop

Skill      XL: |  1  2  3  4  5  6  7  8  9 10 |
---------------+-------------------------------+-----
Fighting       | 1 2 3 4 5 6 |  6.9
Dodging        | 2 3 4 5 6 |  6.0
Spellcasting   | 3 4 5 6 7 8 |  8.7
Conjurations   | 2 3 4 5 6 |  6.3
Air Magic      | 4 5 6 8 9 |  9.5
Stealth        | |  1.7

Action                   |  1- 3 |  4- 6 |  7- 9 | 10-12 || total
-------------------------+-------+-------+-------+-------++-------
Melee: Unarmed           |    27 |    32 |       |       ||    59
       Tailslap          |     1 |     4 |     9 |     6 ||    20
       Spear             |       |    14 |    91 |    50 ||   155
 Cast: Shock             |    74 |   127 |   283 |   136 ||   620
       Static Discharge  |       |    10 |     2 |       ||    12
       Airstrike         |       |       |     9 |    18 ||    27
Invok: Recall Ancestor   |       |       |       |     1 ||     1
       Ancestor Life: Ba |       |       |       |     1 ||     1
  Use: Scroll            |       |       |     9 |       ||     9
       Potion            |       |       |       |     1 ||     1
 Stab: Sleeping          |       |     1 |     1 |       ||     2
       Distracted        |       |     1 |       |       ||     1
  Eat: Chunk             |     4 |    11 |    17 |     9 ||    41
Armor: Skin              |    12 |    16 |    56 |    38 ||   122
Dodge: Dodged            |    36 |    41 |   116 |   124 ||   317

Table legend:
 A = Non-vault XP
 B = Vault XP
 C = Vault XP percentage of total XP
 D = Non-vault monster count
 E = Vault monster count
 F = Vault count percentage of total count
                 A         B        C        D         E       F
            +---------+---------+-------+---------+---------+-------
      Total |    7688 |    3069 |  28.5 |     219 |      26 |  10.6
            +---------+---------+-------+---------+---------+-------
        D:1 |      38 |       0 |   0.0 |      21 |       0 |   0.0
        D:2 |     213 |      35 |  14.1 |      24 |       1 |   4.0
        D:3 |     240 |      13 |   5.1 |      28 |       1 |   3.4
        D:4 |     520 |       0 |   0.0 |      39 |       0 |   0.0
        D:5 |     301 |      36 |  10.7 |       6 |       1 |  14.3
        D:6 |     724 |     852 |  54.1 |      19 |       4 |  17.4
        D:7 |    1333 |       0 |   0.0 |      19 |       0 |   0.0
        D:8 |    1635 |     529 |  24.4 |      19 |       7 |  26.9
        D:9 |     438 |       0 |   0.0 |      18 |       0 |   0.0
       D:10 |    2246 |     812 |  26.6 |      26 |       1 |   3.7
     Bailey |       0 |     792 | 100.0 |       0 |      11 | 100.0
            +---------+---------+-------+---------+---------+-------
